 Dungeon Crawl Stone Soup version 0.26.1-2-gb8aa6d0cf2 (webtiles) character file.

Game seed: 12085646234623939576

35 FishyPogo the Grave Robber (level 3, -4/19 HPs)
             Began as a Deep Elf Necromancer on Feb 23, 2021.
             Was an Initiate of Sif Muna.
             Slain by a water moccasin skeleton (7 damage)
             ... on level 2 of the Dungeon.
             The game lasted 00:08:19 (1547 turns).

FishyPogo the Grave Robber (Deep Elf Necromancer)   Turns: 1547, Time: 00:08:20

Health: -4/19      AC:  2    Str:  4 (5)  XL:     3   Next: 17%
Magic:  10/10      EV: 13    Int: 15 (18) God:    Sif Muna [......]
Gold:   114        SH:  0    Dex: 13 (15) Spells: 7/9 levels left

rFire    . . .     SeeInvis .   d - +1 dagger (holy)
rCold    . . .     Faith    .   (no shield)
rNeg     . . .     Spirit   .   a - +0 robe
rPois    .         Reflect  .   (no helmet)
rElec    .         Harm     .   (no cloak)
rCorr    .         Rampage  .   (no gloves)
Will     .....                  (no boots)
Stlth    ++........             (no amulet)
HPRegen  0.06/turn              (no ring)
MPRegen  0.12/turn              (no ring)

@: no status effects
A: claws 1, dopey 1
a: Renounce Religion


You were on level 2 of the Dungeon.
You worshipped Sif Muna.
Sif Muna was noncommittal.
You visited 1 branch of the dungeon, and saw 2 of its levels.

You collected 114 gold pieces.

Inventory:

Hand Weapons
 d - a +1 dagger of holy wrath (weapon)
 f - a cursed -2 dagger
Missiles
 c - 84 stones
Armour
 a - a +0 robe (worn)
Scrolls
 g - a scroll of amnesia {unknown}
 h - 2 scrolls of identify {unknown}
 i - a scroll of teleportation {unknown}
Potions
 e - 3 potions of mutation
 j - a potion of heal wounds {unknown}


   Skills:
 + Level 1.1 Short Blades
 + Level 3.0 Dodging
 + Level 3.0 Stealth
 * Level 3.6 Spellcasting
 + Level 5.0 Necromancy


You had 7 spell levels left.
You knew the following spells:

 Your Spells              Type           Power        Failure   Level
a - Pain                  Necr           68%          2%          1
y - Animate Skeleton      Necr           34%          2%          1

Your spell library contained the following spells:

 Spells                   Type           Power        Failure   Level
 Vampiric Draining        Necr           8%           7%          3
 Animate Dead             Necr           8%           24%         4
 Agony                    Necr           17%          54%         5


Dungeon Overview and Level Annotations

Branches:
Dungeon (2/15)

Altars:
Fedhas
Makhleb
Okawaru
Sif Muna
Uskayaw


Innate Abilities, Weirdness & Mutations

You have sharp fingernails.
You are dopey. (Int -2)


Message History

The water moccasin skeleton barely misses you.
You hit the water moccasin skeleton.
The water moccasin skeleton convulses.
The water moccasin skeleton is moderately damaged.
The water moccasin skeleton bites you.
You completely miss the water moccasin skeleton.
The water moccasin skeleton is moderately damaged.
The water moccasin skeleton bites you.
The water moccasin skeleton closely misses you.
You barely miss the water moccasin skeleton.
The water moccasin skeleton is moderately damaged.
The water moccasin skeleton bites you.
You hit the water moccasin skeleton.
The water moccasin skeleton convulses.
The water moccasin skeleton is heavily damaged.
The water moccasin skeleton bites you.
* * * LOW HITPOINT WARNING * * *
It was a potion of degeneration.
There was something very wrong with that liquid.
You feel weakened.
You feel dopey.
You feel clumsy. The water moccasin skeleton bites you!
You die...

#.........## #.....##.......#..#.
...........# ###..###............
...........###_...._#........#.[.
.............#####8##..........#.
#.........#### ####.......##...
##...#...#########.##.......####.
##########............###### ##
.#####..###.# #..Z@.## #.#
#.##### #.# #. #.### ###### #.
######...###..... ..
#.....##.##...... ##
#.....##.#.......
#....)##.#.......
#................
#................


You could see a water moccasin skeleton.

Vanquished Creatures
  An ooze (D:2)
  A dart slug (D:2)
  2 leopard geckos
  2 ball pythons (D:1)
  4 giant cockroaches
  3 hobgoblins
  2 jackals (D:1)
  3 bats
  A frilled lizard (D:1)
  3 kobolds (D:1)
  6 rats
28 creatures vanquished.

Notes
Turn   | Place    | Note
-------+----------+-------------------------------------------
     0 | D:1      | FishyPogo the Deep Elf Necromancer began the quest for the
                  | Orb.
     0 | D:1      | Reached XP level 1. HP: 10/10 MP: 6/6
    36 | D:1      | Learned a level 1 spell: Animate Skeleton
   225 | D:1      | Reached skill level 5 in Necromancy
   391 | D:1      | Reached XP level 2. HP: 15/15 MP: 8/8
   949 | D:2      | Reached skill level 1 in Short Blades
  1077 | D:2      | Found a shimmering blue altar of Sif Muna.
  1087 | D:2      | Reached XP level 3. HP: 13/19 MP: 8/10
  1100 | D:2      | Found a hide-covered altar of Uskayaw.
  1102 | D:2      | Found an iron altar of Okawaru.
  1109 | D:2      | Found a burning altar of Makhleb.
  1110 | D:2      | Found a blossoming altar of Fedhas.
  1120 | D:2      | Became a worshipper of Sif Muna the Loreminder
  1541 | D:2      | Gained mutation: You are dopey. (Int -2) [potion of
                  | mutation]
  1541 | D:2      | Gained mutation: You have sharp fingernails. [potion of
                  | mutation]
  1547 | D:2      | Slain by a water moccasin skeleton

Illustrated notes

Levels and vault maps discovered:
D:1:      lemuel_arrival_broad_hall, layout_rooms
D:2:      cheibrodos_old_hovel, layout_rooms, minitemple

Skill      XL: |  1  2 |
---------------+-------+-----
Necromancy     | 5 |  5.0
Stealth        | 3 |  3.0
Dodging        | 3 |  3.0
Short Blades   | 1 |  1.1
Spellcasting   | |  3.6

Action                   || total
-------------------------++-------
Melee: Dagger            ||    50
 Cast: Pain              ||    25
       Animate Skeleton  ||     7
  Use: Potion            ||     2
 Stab: Sleeping          ||     3
Armor: Robe              ||     7
Dodge: Dodged            ||    25
